[Event "Titled Tuesday Blitz May 10 Late 2022"]
[White "Hoffmann, Asa"]
[Black "Wagner, Dinara"]
[WhiteFideId "2001470"]
[BlackFideId "24157570"]
[WhiteElo "2117"]
[BlackElo "2216"]
[Result "0-1"]
[Round "11"]
[TimeControl "180+1"]
[Date "2022.05.11"]
[WhiteClock "0:01:05"]
[BlackClock "0:00:51"]

1. d4 Nf6 2. Bg5 Ne4 3. Bf4 d5 4. f3 Nf6 5. e4 dxe4 6. Nc3 e3 7. Bc4 e6 8. Qd3 Be7 9. Bxe3 b6 10. Nge2 Bb7 11. O-O-O Nbd7 12. g4 Nd5 13. Bxd5 Bxd5 14. Nxd5 exd5 15. Nf4 c6 16. Nh5 g6 17. Ng3 Qc7 18. Rde1 O-O-O 19. Qa6+ Qb7 20. Qxb7+ Kxb7 21. Bh6 Bd6 22. Ne2 Rhe8 23. Nf4 Kc7 24. Nd3 f6 25. Bd2 Nf8 26. Bf4 Ne6 27. Bxd6+ Kxd6 28. c3 c5 29. dxc5+ bxc5 30. Rd1 Kc6 31. h4 a5 32. h5 Ng5 33. hxg6 hxg6 34. Rh6 Rg8 35. f4 Ne4 36. f5 gxf5 37. gxf5 Rg2 38. Nf4 Rf2 39. Ne6 Rg8 40. Rh7 Rgg2 41. Nd8+ Kb6 42. Rb7+ Ka6 43. Rxd5 Rf1+ 44. Rd1 Rxd1+ 45. Kxd1 Rd2+ 46. Ke1 Rxd8 47. Re7 Nd6 48. Re6 Re8 49. Kd2 Rxe6 50. fxe6 Kb6 51. Ke3 Nf5+ 52. Ke4 Ne7 53. c4 Kc6 54. a3 Kd6 55. b4 axb4 56. a4 Kxe6 57. a5 Nc6 0-1


[Site "https://www.chess.com"]

[Event "Titled Tuesday Blitz May 10 Late 2022"]
[White "Janaszak, Dawid"]
[Black "Adewumi, Tanitoluwa"]
[WhiteFideId "1119206"]
[BlackFideId "30966396"]
[WhiteElo "2657"]
[BlackElo "2508"]
[Result "1-0"]
[Round "11"]
[TimeControl "180+1"]
[Date "2022.05.11"]
[WhiteClock "0:00:13"]
[BlackClock "0:00:04"]

1. d4 Nf6 2. Nf3 d5 3. Bf4 Bf5 4. e3 e6 5. c4 Bd6 6. Bxd6 Qxd6 7. Nc3 O-O 8. c5 Qe7 9. Bd3 Bxd3 10. Qxd3 c6 11. O-O Nbd7 12. e4 dxe4 13. Nxe4 Nxe4 14. Qxe4 Nf6 15. Qe3 Rad8 16. Rfd1 Rd5 17. b4 Rfd8 18. Re1 Nd7 19. h3 Nf8 20. a4 Ng6 21. b5 Qf6 22. bxc6 bxc6 23. Rab1 Ne7 24. g4 Ng6 25. Rb7 Nf4 26. Ne5 Rxd4 27. Rxf7 Qh6 28. Kh2 R8d5 29. Rxf4 Rxf4 30. Nxc6 Kf8 31. Rb1 Qf6 32. Rb8+ Kf7 33. Rb7+ Kg6 34. Ne7+ Kh6 35. Ng8+ Kg5 36. Nxf6 gxf6 37. Rg7+ Kh6 38. Qxf4+ Kxg7 39. c6 Rc5 40. c7 1-0


[Site "https://www.chess.com"]

[Event "Titled Tuesday Blitz May 10 Late 2022"]
[White "Jeet, Jain"]
[Black "Nozdrachev, Leonid"]
[WhiteFideId "5073022"]
[BlackFideId "24113433"]
[WhiteElo "2028"]
[BlackElo "2255"]
[Result "1-0"]
[Round "11"]
[TimeControl "180+1"]
[Date "2022.05.11"]
[WhiteClock "0:01:43"]
[BlackClock "0:00:37"]

1. Nf3 Nc6 2. d4 d6 3. e4 e5 4. dxe5 Nxe5 5. Nd4 Nf6 6. Nc3 d5 7. f4 Nc6 8. e5 Ne4 9. Nxc6 Nxc3 10. Nxd8 Nxd1 11. Nxf7 Kxf7 12. Kxd1 Bf5 13. Bd3 Ke6 14. Be3 c5 15. Ke2 h5 16. g3 Rd8 17. h3 d4 18. Bd2 a6 19. g4 Bxd3+ 20. cxd3 g5 21. f5+ Kxe5 22. Bxg5 Re8 23. Kf3 hxg4+ 24. hxg4 Rxh1 25. Rxh1 Kd5 26. Rh8 b5 27. Bh6 c4 28. dxc4+ bxc4 29. Rxf8 Re1 30. f6 d3 31. f7 Rf1+ 32. Kg2 Rf6 33. Rd8+ 1-0


[Site "https://www.chess.com"]

[Event "Titled Tuesday Blitz May 10 Late 2022"]
[White "Jobava, Baadur"]
[Black "Kazakouski, Valery"]
[WhiteFideId "13601520"]
[BlackFideId "13507443"]
[WhiteElo "2617"]
[BlackElo "2524"]
[Result "1-0"]
[Round "11"]
[TimeControl "180+1"]
[Date "2022.05.10"]
[WhiteClock "0:00:37"]
[BlackClock "0:00:12"]

1. e4 c5 2. Nf3 a6 3. c4 Nc6 4. Nc3 e5 5. d3 d6 6. g3 Be7 7. Bg2 Nf6 8. O-O O-O 9. Kh1 Rb8 10. Nh4 b5 11. Nf5 Nd4 12. Nxe7+ Qxe7 13. b3 h6 14. f4 bxc4 15. bxc4 Bd7 16. f5 Bc6 17. g4 Nh7 18. Be3 Rb2 19. Rf2 Rfb8 20. Qc1 Rxf2 21. Bxf2 Qg5 22. Qxg5 hxg5 23. Rb1 Rxb1+ 24. Nxb1 Nf6 25. h3 Nd7 26. Nc3 Nb6 27. h4 gxh4 28. Bxh4 f6 29. g5 Kf7 30. Kh2 Na4 31. Nd1 Ne2 32. Bf1 Nec3 33. Ne3 fxg5 34. Bxg5 Nxa2 35. Be2 Nb4 36. Kg3 Nb2 37. Bh5+ Kf8 38. f6 gxf6 39. Bxf6 Bd7 40. Nf5 Bxf5 41. exf5 N4xd3 42. Bg5 Nf4 43. Bh6+ Kg8 44. Be8 Nxc4 45. f6 Kh7 46. f7 Ne6 47. Bd7 Kxh6 48. Bxe6 Kg7 49. Bxc4 a5 50. Kf3 a4 51. Ke4 a3 52. Kf5 Kf8 53. Ke4 Ke7 54. Bd5 Kf8 55. Kd3 Ke7 56. Kc3 e4 57. Kd2 Kf8 58. Ke3 Ke7 59. Kxe4 Kf8 60. Kd3 Ke7 61. Kc2 Kf8 62. Kb1 Ke7 63. Ka2 Kf8 64. Kxa3 Ke7 65. Ka4 Kf8 66. Kb5 Ke7 67. Kc6 c4 68. Bxc4 d5 69. Bxd5 Kf8 70. Kd6 1-0


[Site "https://www.chess.com"]

[Event "Titled Tuesday Blitz May 10 Late 2022"]
[White "Jones, Gawain C B"]
[Black "Djokic, Mihailo"]
[WhiteFideId "409561"]
[BlackFideId "976440"]
[WhiteElo "2657"]
[BlackElo "2202"]
[Result "1-0"]
[Round "11"]
[TimeControl "180+1"]
[Date "2022.05.10"]
[WhiteClock "0:00:47"]
[BlackClock "0:00:06"]

1. d4 Nf6 2. c4 g6 3. g4 Nxg4 4. e4 d6 5. Nc3 e5 6. d5 Bg7 7. Nf3 a5 8. Bg5 Nf6 9. Qd2 h6 10. Bh4 g5 11. Bg3 Nh5 12. Be2 Nf4 13. O-O-O Na6 14. h4 f6 15. Bxf4 exf4 16. Nd4 Nc5 17. Bh5+ Kf8 18. Nf5 Bxf5 19. exf5 Qd7 20. Bg6 Ke7 21. Rde1+ Kd8 22. Ne4 Na6 23. hxg5 fxg5 24. f6 Bxf6 25. Nxf6 Qg7 26. Re6 Nc5 27. Nh5 Qd7 28. Rhe1 Nxe6 29. dxe6 Qe7 30. Qd4 Rf8 31. Ng7 c5 32. Qd5 Qxg7 33. Qxd6+ Kc8 34. e7 Rh8 35. Bf5# 1-0


[Site "https://www.chess.com"]

[Event "Titled Tuesday Blitz May 10 Late 2022"]
[White "Joubert, Dantelle"]
[Black "Curtis, John"]
[WhiteFideId "14310813"]
[BlackFideId "3200256"]
[WhiteElo "1507"]
[BlackElo "2203"]
[Result "0-1"]
[Round "11"]
[TimeControl "180+1"]
[Date "2022.05.11"]
[WhiteClock "0:00:02"]
[BlackClock "0:00:39"]

1. Nf3 d5 2. c4 c6 3. d4 Nf6 4. cxd5 cxd5 5. Nc3 Nc6 6. Bf4 Bf5 7. e3 e6 8. Qb3 Bb4 9. Bb5 O-O 10. O-O Bd6 11. Bg3 Na5 12. Qd1 Bxg3 13. hxg3 Rc8 14. Rc1 Qe7 15. Ne5 a6 16. Bd3 Bxd3 17. Qxd3 Nc6 18. Nxc6 Rxc6 19. Ne2 Rfc8 20. Rxc6 Rxc6 21. a3 Qc7 22. Nc3 b5 23. Rd1 g6 24. Kf1 Rc4 25. Ke2 h5 26. Rh1 Kg7 27. Rd1 Qc6 28. Rd2 a5 29. Rd1 b4 30. axb4 axb4 31. Nb1 Ne4 32. Nd2 Rc2 33. Ke1 Nxd2 34. Rxd2 Rc1+ 35. Ke2 Qc4 36. Qxc4 dxc4 37. f3 f5 38. Kf2 Kf7 39. e4 fxe4 40. fxe4 g5 41. d5 Ke7 42. d6+ Kd7 43. e5 b3 44. Re2 Rc2 0-1


[Site "https://www.chess.com"]

[Event "Titled Tuesday Blitz May 10 Late 2022"]
[White "Kanyamarala, Tarun"]
[Black "Skliarov, Viktor"]
[WhiteFideId "45004714"]
[BlackFideId "14106736"]
[WhiteElo "2219"]
[BlackElo "2229"]
[Result "1-0"]
[Round "11"]
[TimeControl "180+1"]
[Date "2022.05.10"]
[WhiteClock "0:00:13"]
[BlackClock "0:00:05"]

1. d4 Nf6 2. Nc3 d5 3. Bf4 a6 4. e3 c5 5. dxc5 Nc6 6. a3 e5 7. Bg5 Be6 8. b4 a5 9. Nf3 d4 10. exd4 Nxd4 11. Nxd4 Qxd4 12. Bb5+ Bd7 13. Bxd7+ Kxd7 14. Bxf6 gxf6 15. O-O Qxd1 16. Raxd1+ Kc6 17. f4 axb4 18. axb4 b6 19. fxe5 Be7 20. exf6 Bf8 21. Rf5 bxc5 22. b5+ Kb6 23. Nd5+ Kb7 24. c4 Rg8 25. Nf4 Ra4 26. Rc1 Bd6 27. g3 Ra2 28. Rd1 Bxf4 29. Rxf4 Re8 30. Rf2 Ra4 31. Rd7+ Kb6 32. Rd6+ Kb7 33. Rd7+ Kb6 34. Rxf7 Rxc4 35. Rxh7 Kxb5 36. Rb7+ Kc6 37. f7 Rf8 38. Re7 Rd4 39. Re8 Rd1+ 40. Kg2 Rd8 41. Rxd8 Rxd8 42. f8=Q Rd6 43. Qc8+ 1-0


[Site "https://www.chess.com"]

[Event "Titled Tuesday Blitz May 10 Late 2022"]
[White "Karttunen, Mika"]
[Black "Fishbein, Alexander"]
[WhiteFideId "502081"]
[BlackFideId "2000377"]
[WhiteElo "2343"]
[BlackElo "2442"]
[Result "1-0"]
[Round "11"]
[TimeControl "180+1"]
[Date "2022.05.10"]
[WhiteClock "0:00:13"]
[BlackClock "0:00:43"]

1. e4 c5 2. Nf3 d6 3. d4 cxd4 4. Nxd4 Nf6 5. Nc3 Nc6 6. Bc4 e6 7. Bb3 a6 8. Be3 Be7 9. Qe2 Qc7 10. O-O-O Na5 11. g4 b5 12. g5 Nxb3+ 13. axb3 Nd7 14. h4 b4 15. Na4 Nc5 16. Qc4 Bd7 17. Kb1 Qb7 18. e5 Bb5 19. Qxb4 Nxa4 20. exd6 Bd8 21. bxa4 O-O 22. axb5 axb5 23. Qxb5 Qa7 24. c3 Qa2+ 25. Kc2 Ra5 26. Ra1 Rxb5 27. Rxa2 Rd5 28. Ra6 h6 29. c4 Re5 30. Nc6 Re4 31. b3 hxg5 32. hxg5 f5 33. Ra8 Bxg5 34. Rxf8+ Kxf8 35. Bxg5 1-0


[Site "https://www.chess.com"]

[Event "Titled Tuesday Blitz May 10 Late 2022"]
[White "Keller, Peter"]
[Black "Kim, Sergey"]
[WhiteFideId "1272105"]
[BlackFideId "13700570"]
[WhiteElo "2275"]
[BlackElo "2469"]
[Result "1-0"]
[Round "11"]
[TimeControl "180+1"]
[Date "2022.05.11"]
[WhiteClock "0:00:12"]
[BlackClock "0:00:03"]

1. e4 e5 2. Nf3 Nc6 3. Bb5 a6 4. Bxc6 dxc6 5. O-O f6 6. d4 exd4 7. Nxd4 Ne7 8. Nc3 Ng6 9. Be3 Bb4 10. Qd3 Ne5 11. Qe2 Bxc3 12. bxc3 c5 13. Nf5 Bxf5 14. exf5 Qe7 15. f4 Nc6 16. Qf2 b6 17. Rfe1 O-O-O 18. a4 a5 19. Qf3 Nb8 20. Rab1 Qd7 21. Bxc5 Qc6 22. Qxc6 Nxc6 23. Be3 h5 24. Kf2 Rd5 25. h3 Rxf5 26. c4 Nb4 27. g4 hxg4 28. hxg4 Rc5 29. Bxc5 bxc5 30. Re2 Rh3 31. Rb3 Rh4 32. Kg3 Rh1 33. Re7 g5 34. f5 Rg1+ 35. Kh3 Rh1+ 36. Kg2 Rc1 37. Rc3 Ra1 38. Rf7 Rxa4 39. Rxf6 Ra2 40. Rg6 Nxc2 41. Rxg5 Nd4+ 42. Kh3 a4 43. f6 Ne6 44. Rf5 a3 45. f7 Nf8 46. Re5 Kd7 47. Re8 Ng6 48. f8=Q Nxf8 49. Rxf8 Ra1 50. Ra8 a2 51. Rca3 Rc1 52. Rxa2 Rxc4 53. Kh4 Rc1 54. Rb8 c4 55. Rb7 Kd6 56. Kg5 c3 57. Rb3 Kd5 58. Ra4 c5 59. Rba3 c4 60. Ra1 Rc2 61. Rf1 Rh2 62. Raa1 c2 63. Rac1 Kd4 64. Kg6 Rg2 65. g5 Ke3 66. Kf6 Kd2 67. g6 Kc3 68. Kf7 Kb2 69. g7 c3 70. g8=Q 1-0


[Site "https://www.chess.com"]

[Event "Titled Tuesday Blitz May 10 Late 2022"]
[White "Koellner, Ruben Gideon"]
[Black "Hess, Robert"]
[WhiteFideId "12993093"]
[BlackFideId "2022036"]
[WhiteElo "2634"]
[BlackElo "2557"]
[Result "0-1"]
[Round "11"]
[TimeControl "180+1"]
[Date "2022.05.10"]
[WhiteClock "0:00:07"]
[BlackClock "0:00:07"]

1. d4 g6 2. Nf3 Bg7 3. Nbd2 d6 4. e4 e6 5. Bd3 Nd7 6. c3 Ne7 7. O-O h6 8. Re1 b6 9. Qe2 Bb7 10. a4 a6 11. b4 g5 12. a5 b5 13. h3 Ng6 14. Nf1 Nf4 15. Bxf4 gxf4 16. c4 bxc4 17. Bxc4 e5 18. d5 O-O 19. b5 Nc5 20. N3d2 f5 21. f3 Qg5 22. Reb1 axb5 23. Bxb5 Bc8 24. Kh1 fxe4 25. fxe4 Qg6 26. Ra3 f3 27. Nxf3 Qxe4 28. Qxe4 Nxe4 29. a6 Ra7 30. Ne3 Nf2+ 31. Kh2 e4 32. Nd2 Be5+ 33. Kg1 Bd4 34. Ndc4 Nd3 35. Rf1 Bc5 36. Rxf8+ Kxf8 37. Ra1 Nb4 38. Kf1 Bxa6 39. Bxa6 Rxa6 40. Rxa6 Nxa6 41. Ke2 Nb4 42. Nf5 Nxd5 43. Nxh6 Nf4+ 44. Kf1 e3 45. Ng4 e2+ 46. Ke1 d5 47. Nd2 Nxg2+ 48. Kxe2 Nf4+ 49. Kf3 Nxh3 50. Ne3 Ng5+ 51. Kf4 Ne6+ 52. Kf3 Bxe3 53. Kxe3 Ke7 54. Nb3 Kd6 55. Kd3 Nc5+ 56. Kc3 Nxb3 57. Kxb3 Ke5 0-1


[Site "https://www.chess.com"]

[Event "Titled Tuesday Blitz May 10 Late 2022"]
[White "Ladan, Nicholas"]
[Black "Jegorovas, Aleksandras"]
[WhiteFideId "30918855"]
[BlackFideId "12801950"]
[WhiteElo "2167"]
[BlackElo "2247"]
[Result "1-0"]
[Round "11"]
[TimeControl "180+1"]
[Date "2022.05.11"]
[WhiteClock "0:00:12"]
[BlackClock "0:00:29"]

1. d4 d5 2. Nf3 Nf6 3. c4 c6 4. g3 e6 5. Bg2 Nbd7 6. O-O Be7 7. Qc2 O-O 8. Rd1 b6 9. Nbd2 Bb7 10. e4 Rc8 11. e5 Ne8 12. cxd5 exd5 13. Nf1 Nc7 14. Ne3 Ne6 15. Nf5 c5 16. Qe2 cxd4 17. N3xd4 Nxd4 18. Rxd4 Nxe5 19. Qxe5 Bf6 20. Qf4 Bxd4 21. Qxd4 f6 22. Bf4 Rc4 23. Qd3 Kh8 24. Re1 Re8 25. Rxe8+ Qxe8 26. h4 Qe1+ 27. Kh2 Qxf2 28. Be3 Qc2 29. Qxc2 Rxc2 30. Bd4 Bc8 31. g4 Bxf5 32. gxf5 Rd2 33. Bc3 Rd3 34. Bf1 Rf3 35. Kg2 Rxf5 36. Bd3 Rf4 37. Kg3 Ra4 38. a3 d4 39. Bb4 a5 40. Bd6 g5 41. hxg5 fxg5 42. Bb5 d3 43. Bxa4 d2 44. Bd1 Kg7 45. Bc7 Kf6 46. Bxb6 a4 47. Ba5 h5 48. Bxd2 h4+ 49. Kg4 Ke5 50. Bxg5 Kd4 51. Bxh4 Kd3 52. Bf6 Kd2 53. Bf3 Kc1 54. Bc6 Kb1 55. Bxa4 Ka2 56. Bd7 Ka1 57. Kf4 Ka2 58. Ke4 Ka1 59. Kd4 Ka2 60. Kc4 Ka1 61. b4+ Ka2 62. a4 Ka3 63. Be7 Kb2 64. a5 Ka3 65. b5+ Kb2 66. Bd8 Ka3 67. b6 Ka2 68. b7 Ka3 69. b8=Q Ka2 70. Qb3+ Ka1 71. Bf6# 1-0


[Site "https://www.chess.com"]

[Event "Titled Tuesday Blitz May 10 Late 2022"]
[White "Leitao, Rafael"]
[Black "Sernecki, Franciszek"]
[WhiteFideId "2101246"]
[BlackFideId "1169297"]
[WhiteElo "2609"]
[BlackElo "2189"]
[Result "1/2-1/2"]
[Round "11"]
[TimeControl "180+1"]
[Date "2022.05.10"]
[WhiteClock "0:00:06"]
[BlackClock "0:00:09"]

1. e4 c6 2. d4 d5 3. e5 Bf5 4. Nd2 e6 5. Nb3 Nd7 6. Nf3 a6 7. Be2 c5 8. dxc5 Bxc5 9. Nxc5 Nxc5 10. Nd4 Bg6 11. Be3 Ne7 12. h4 h6 13. h5 Bh7 14. O-O O-O 15. Bf4 Qb6 16. Rb1 Rfc8 17. Qd2 Nc6 18. Nf3 Ne4 19. Qe3 Qxe3 20. Bxe3 d4 21. Nxd4 Nxd4 22. Bxd4 Nd2 23. Bf3 Nxb1 24. Rxb1 Rc7 25. Re1 Rac8 26. c3 Bd3 27. Re3 Bc4 28. b3 Bb5 29. c4 Bc6 30. Be2 Rd7 31. Bc3 Rcd8 32. f4 b5 33. Kf2 bxc4 34. bxc4 Rb8 35. Bd3 Ba4 36. f5 Rbd8 37. Be4 Bd1 38. fxe6 fxe6 39. Bg6 Rf8+ 40. Kg3 Ba4 41. Bb4 Rf1 42. Bd6 Rd8 43. c5 Be8 44. Rb3 Bxg6 45. hxg6 Rc1 46. Rb7 Rc3+ 47. Kf2 Rc2+ 48. Kg3 Rc3+ 49. Kf2 Rc2+ 50. Kg3 Rc3+ 1/2-1/2


[Site "https://www.chess.com"]

[Event "Titled Tuesday Blitz May 10 Late 2022"]
[White "Lewicki, Miroslaw"]
[Black "Lashkin, Jegor"]
[WhiteFideId "1113380"]
[BlackFideId "13907808"]
[WhiteElo "2283"]
[BlackElo "2368"]
[Result "1-0"]
[Round "11"]
[TimeControl "180+1"]
[Date "2022.05.10"]
[WhiteClock "0:00:06"]
[BlackClock "0:00:03"]

1. b3 b6 2. Bb2 Bb7 3. c4 Nf6 4. Nf3 g6 5. d4 Bg7 6. e3 O-O 7. Be2 d6 8. O-O Nbd7 9. Nc3 Ne4 10. Rc1 Nxc3 11. Bxc3 e6 12. d5 Bxc3 13. Rxc3 e5 14. Nd2 a5 15. Qc1 Qe7 16. a3 f5 17. b4 axb4 18. axb4 Ra4 19. Bd1 Ra7 20. Bb3 Kg7 21. Qb2 Rfa8 22. Rfc1 Qf6 23. h3 h5 24. Nf3 g5 25. c5 bxc5 26. bxc5 Nxc5 27. Rxc5 dxc5 28. Rxc5 Rc8 29. Nxe5 f4 30. exf4 gxf4 31. Qc3 Ba8 32. d6 c6 33. d7 Rd8 34. Qd3 f3 35. Bc2 Kf8 36. Qh7 Ra1+ 37. Kh2 fxg2 38. Kxg2 Qg5+ 39. Kf3 Qf6+ 40. Ke2 Rg1 41. Ng6+ Rxg6 42. Rf5 Qxf5 43. Bxf5 Rg7 44. Qh8+ Kf7 45. Qxd8 Rg8 46. Qxg8+ Kxg8 47. d8=Q+ Kg7 48. Qxa8 1-0


[Site "https://www.chess.com"]

[Event "Titled Tuesday Blitz May 10 Late 2022"]
[White "Lin, Dachey"]
[Black "Izzat, Kanan"]
[WhiteFideId "2029650"]
[BlackFideId "13405209"]
[WhiteElo "2313"]
[BlackElo "2362"]
[Result "0-1"]
[Round "11"]
[TimeControl "180+1"]
[Date "2022.05.10"]
[WhiteClock "0:00:09"]
[BlackClock "0:00:13"]

1. g4 e5 2. d4 exd4 3. Qxd4 Nc6 4. Qe4+ Be7 5. Bg2 Nf6 6. Qa4 O-O 7. Nc3 d6 8. g5 Nd7 9. Nf3 Nc5 10. Qf4 Ne6 11. Qd2 Re8 12. Nd5 Bf8 13. b3 Ne7 14. Ne3 Ng6 15. Bb2 Nxg5 16. Nxg5 Qxg5 17. Rg1 c6 18. O-O-O Qf4 19. Bf3 d5 20. Kb1 a5 21. a4 f6 22. Bh5 Bc5 23. Bxg6 hxg6 24. Rxg6 d4 25. Bxd4 Rd8 26. Qc3 Bxd4 27. Qc4+ Kf8 28. Rg3 Qe5 29. f4 Qe4 30. Nf1 Be6 31. Qd3 Qxd3 32. Rgxd3 Bb6 33. e4 Rxd3 34. Rxd3 Ke7 35. Rf3 Rd8 36. f5 Rd1+ 37. Kb2 Bf7 38. Ne3 Bd4+ 39. c3 Rd2+ 40. Kc1 Bxc3 41. Nf1 Ra2 42. Re3 Ra1+ 43. Kc2 Bd4 44. Rd3 Rxf1 45. Rxd4 Rf2+ 46. Kc3 Rxh2 47. b4 Rh3+ 48. Kd2 axb4 49. Rxb4 Rb3 50. Rd4 c5 0-1


[Site "https://www.chess.com"]

[Event "Titled Tuesday Blitz May 10 Late 2022"]
[White "Maksimovic, Bojan"]
[Black "Sadhwani, Raunak"]
[WhiteFideId "14408120"]
[BlackFideId "35093487"]
[WhiteElo "2448"]
[BlackElo "2616"]
[Result "0-1"]
[Round "11"]
[TimeControl "180+1"]
[Date "2022.05.10"]
[WhiteClock "0:00:02"]
[BlackClock "0:00:04"]

1. e4 e5 2. Nf3 Nc6 3. Bb5 Nge7 4. O-O Ng6 5. d4 exd4 6. Nxd4 Bc5 7. Nb3 Bb6 8. c4 Qe7 9. Bxc6 dxc6 10. Qc2 a6 11. c5 Ba7 12. Be3 O-O 13. N1d2 f5 14. f3 Be6 15. Na5 Rab8 16. b4 fxe4 17. fxe4 Qe8 18. Rxf8+ Nxf8 19. Nab3 Rd8 20. Rf1 Ng6 21. h3 b6 22. Nf3 bxc5 23. bxc5 h6 24. Kh1 Bf7 25. Nfd4 Ne5 26. Nf5 Kh7 27. Bd4 g6 28. Bxe5 Qxe5 29. Nxh6 Bxb3 30. axb3 Kxh6 31. b4 a5 32. Rf7 axb4 33. Qc1+ g5 34. Rf5 Qg3 35. Rf3 Qe5 36. Rf5 Qg7 37. h4 Kh7 38. Rxg5 Qh6 39. Qf4 Rf8 40. Qxc7+ Kh8 41. g3 Bxc5 42. Kg2 Bd4 43. Qd7 Bg7 44. Qg4 Qf6 45. Rh5+ Kg8 46. e5 Qf1+ 47. Kh2 Rf2# 0-1


[Site "https://www.chess.com"]

[Event "Titled Tuesday Blitz May 10 Late 2022"]
[White "Mangialardo, Tiago Carvalho"]
[Black "Shapiro, Daniel"]
[WhiteFideId "2130718"]
[BlackFideId "2001780"]
[WhiteElo "2099"]
[BlackElo "2272"]
[Result "1-0"]
[Round "11"]
[TimeControl "180+1"]
[Date "2022.05.11"]
[WhiteClock "0:00:33"]
[BlackClock "0:00:17"]

1. e4 c5 2. Nf3 e6 3. d4 cxd4 4. Nxd4 a6 5. Nc3 Qc7 6. Be3 Nf6 7. Be2 Bb4 8. Qd3 Nxe4 9. Qxe4 Bxc3+ 10. Bd2 Bxd2+ 11. Kxd2 d5 12. Qf3 Nc6 13. Nb3 O-O 14. Bd3 Ne5 15. Qe3 Nc4+ 16. Bxc4 dxc4 17. Nd4 b5 18. c3 Bb7 19. Rae1 Rfe8 20. f4 Rad8 21. Kc1 g6 22. h4 h5 23. Rhg1 Rd5 24. g4 hxg4 25. Rxg4 Qb6 26. Qg3 Kf8 27. h5 Rxh5 28. Rxg6 fxg6 29. Qxg6 Rd5 30. Qf6+ 1-0


[Site "https://www.chess.com"]

[Event "Titled Tuesday Blitz May 10 Late 2022"]
[White "Manukian, Artak"]
[Black "Lehtosaari, Mauri"]
[WhiteFideId "13301373"]
[BlackFideId "501999"]
[WhiteElo "2425"]
[BlackElo "2512"]
[Result "0-1"]
[Round "11"]
[TimeControl "180+1"]
[Date "2022.05.11"]
[WhiteClock "0:00:04"]
[BlackClock "0:00:05"]

1. e4 c5 2. Nf3 e6 3. c3 Nf6 4. e5 Nd5 5. d4 cxd4 6. cxd4 Nc6 7. Nc3 d6 8. Bd3 Be7 9. O-O Ncb4 10. Bb1 a6 11. a3 Nxc3 12. bxc3 Nd5 13. Bd2 b5 14. a4 Bd7 15. Re1 O-O 16. exd6 Bxd6 17. Ne5 Bxe5 18. Rxe5 Bc6 19. Qh5 g6 20. Qh6 Qf6 21. Bg5 Qg7 22. Qh4 h5 23. Bd2 Rfe8 24. Qg3 Ne7 25. Rg5 Nf5 26. Bxf5 exf5 27. Bf4 bxa4 28. Be5 Qh6 29. h4 Re6 30. Rxf5 Rae8 31. Rg5 Kh7 0-1


[Site "https://www.chess.com"]

[Event "Titled Tuesday Blitz May 10 Late 2022"]
[White "Martic, Ivan"]
[Black "Clarke, Brandon G I"]
[WhiteFideId "929301"]
[BlackFideId "400319"]
[WhiteElo "2317"]
[BlackElo "2414"]
[Result "1-0"]
[Round "11"]
[TimeControl "180+1"]
[Date "2022.05.10"]
[WhiteClock "0:00:11"]
[BlackClock "0:00:05"]

1. e4 c5 2. Nf3 d6 3. d4 cxd4 4. Nxd4 Nf6 5. Nc3 a6 6. Bg5 e6 7. f4 h6 8. Bh4 Qb6 9. a3 Be7 10. Bf2 Qc7 11. Qe2 Nbd7 12. O-O-O b5 13. g4 g5 14. Bg2 Bb7 15. h4 gxf4 16. g5 Ng8 17. g6 Ngf6 18. gxf7+ Kxf7 19. Nd5 exd5 20. exd5 Ne5 21. Bh3 Bxd5 22. Rhg1 Qc4 23. Qd2 Nf3 24. Qxf4 Nxg1 25. Bxg1 Qa2 26. Re1 Rae8 27. Nf5 Qa1+ 28. Kd2 Qxb2 29. Rxe7+ Rxe7 30. Nxd6+ Kf8 31. Bd4 Re2+ 32. Kxe2 Qxc2+ 33. Ke1 Qb1+ 34. Kf2 Qc2+ 35. Ke1 Qb1+ 36. Kd2 Qa2+ 37. Kc1 Qxa3+ 38. Bb2 Qc5+ 39. Kd2 Rh7 40. Qxf6+ Kg8 41. Qd8# 1-0


[Site "https://www.chess.com"]

[Event "Titled Tuesday Blitz May 10 Late 2022"]
[White "Martinez Alcantara, Jose Eduardo"]
[Black "Sarana, Alexey"]
[WhiteFideId "3805662"]
[BlackFideId "24133795"]
[WhiteElo "2690"]
[BlackElo "2666"]
[Result "0-1"]
[Round "11"]
[TimeControl "180+1"]
[Date "2022.05.10"]
[WhiteClock "0:00:12"]
[BlackClock "0:00:13"]

1. e4 c5 2. Nf3 d6 3. d4 cxd4 4. Nxd4 Nf6 5. Nc3 a6 6. Bg5 e6 7. Qf3 Nbd7 8. O-O-O Be7 9. Kb1 Qc7 10. Qg3 b5 11. Bxb5 axb5 12. Ndxb5 Qb8 13. Nxd6+ Kf8 14. e5 Bxd6 15. Rxd6 Ne8 16. Rd2 h6 17. Bf4 Nb6 18. Rd4 Bb7 19. b3 Nd5 20. Nxd5 Bxd5 21. Bd2 g6 22. a4 Ng7 23. Rb4 Qc7 24. Rc1 Nf5 25. Qh3 Kg7 26. g4 Ne7 27. Qh4 g5 28. Qg3 Ng6 29. f4 gxf4 30. Bxf4 Rhb8 31. Rxb8 Rxb8 32. Bd2 Qc5 33. Kb2 Qd4+ 34. Qc3 Qxg4 35. a5 Ra8 36. Qe3 h5 37. Rg1 Qf5 38. Rg5 Qf3 39. Qd4 Kg8 40. Rg3 Qf5 41. Qe3 Rc8 42. Bc3 Qf1 43. Rg1 Qf5 44. a6 Ra8 45. a7 Kf8 46. Qc5+ Kg7 47. Qe3 h4 48. Bd4 Qe4 49. Qd2 Rc8 50. Rf1 Rxc2+ 51. Qxc2 Qxd4+ 52. Qc3 Qxa7 53. Qd2 Qb7 54. Qg5 Qxb3+ 55. Kc1 Qc3+ 56. Kd1 Bf3+ 57. Rxf3 Qxf3+ 58. Kc1 Qf5 59. Qg1 Qxe5 60. Kc2 Qf4 61. Kd3 e5 62. Kc2 Qe4+ 63. Kc3 Qd4+ 64. Qxd4 exd4+ 65. Kxd4 Kf6 66. Ke3 Kf5 67. Kf3 Kg5 68. Kf2 Kf4 69. Kg2 Kg4 70. Kh1 Kf3 71. h3 Kg3 0-1


[Site "https://www.chess.com"]

[Event "Titled Tuesday Blitz May 10 Late 2022"]
[White "Nakamura, Hikaru"]
[Black "Zhigalko, Sergei"]
[WhiteFideId "2016192"]
[BlackFideId "13502956"]
[WhiteElo "2850"]
[BlackElo "2662"]
[Result "0-1"]
[Round "11"]
[TimeControl "180+1"]
[Date "2022.05.10"]
[WhiteClock "0:01:42"]
[BlackClock "0:00:12"]

1. Nf3 d5 2. e3 Nf6 3. c4 e6 4. Nc3 b6 5. b3 Bb7 6. Bb2 Bd6 7. Qc2 a6 8. Be2 O-O 9. cxd5 exd5 10. h4 Re8 11. d4 c5 12. dxc5 bxc5 13. O-O-O Nc6 14. a3 d4 15. Na4 Na5 16. Kb1 Bd5 17. Nxc5 Bxc5 18. Qxc5 Nxb3 19. Qb4 Rb8 20. Qa4 Qb6 21. Nxd4 Be4+ 22. Bd3 Bxd3+ 23. Rxd3 Nc5 24. Qxe8+ Nxe8 25. Rd2 Na4 26. Ka1 Nd6 27. Rc1 Nxb2 28. Rc6 Qb7 29. Rxb2 Qxb2# 0-1


[Site "https://www.chess.com"]

[Event "Titled Tuesday Blitz May 10 Late 2022"]
[White "Nazaretyan, Tigran"]
[Black "RestartingChess"]
[WhiteFideId "24162345"]
[WhiteElo "2225"]
[BlackElo "2501"]
[Result "0-1"]
[Round "11"]
[TimeControl "180+1"]
[Date "2022.05.11"]
[WhiteClock "0:00:04"]
[BlackClock "0:00:56"]

1. d4 Nf6 2. c4 g6 3. Nc3 d6 4. e4 Bg7 5. Nf3 O-O 6. Be2 c5 7. d5 Nbd7 8. O-O e5 9. dxe6 fxe6 10. Qxd6 Nb6 11. Qxc5 Bd7 12. Bg5 Qc8 13. Qxc8 Raxc8 14. b3 Bc6 15. e5 Nfd7 16. Be7 Nxe5 17. Nxe5 Bxe5 18. Bxf8 Bxc3 19. Ba3 Bxa1 20. Rxa1 Nd7 21. Bg4 Re8 22. Re1 Kf7 23. f4 Nf6 24. Bh3 Ne4 25. g3 Nc3 26. Bb2 Nxa2 27. Ra1 Nb4 28. Rxa7 Rd8 29. Bc3 Rd1+ 30. Kf2 Rh1 31. Bxe6+ Kxe6 32. Bxb4 Rxh2+ 33. Ke3 Rg2 34. Be1 Rb2 35. b4 Kf5 36. b5 Bg2 37. Ra8 Kg4 38. Rh8 Bf3 39. Bd2 Rb3+ 40. Kd4 Be2 41. Bc3 Kxg3 42. Rxh7 Kxf4 43. Rxb7 g5 44. Rf7+ Kg3 45. Ba5 g4 46. Bc7+ Kg2 47. Rf4 g3 48. b6 Kh3 49. Rf6 g2 50. Rh6+ Kg4 51. c5 Kg5 52. Bh2 Kxh6 53. Ke5 Bf3 54. Kd6 Kg5 55. Kc7 Kg4 56. c6 Rc3 57. b7 Rxc6+ 58. Kd7 Rb6 59. b8=Q Rxb8 60. Bxb8 g1=Q 61. Bd6 Qd4 62. Ke7 Kf5 63. Kd7 Bd5 64. Kc7 Qg7+ 65. Kb6 Qb7+ 66. Ka5 Bc4 67. Bc7 Qb5# 0-1


[Site "https://www.chess.com"]